 Dungeon Crawl Stone Soup version 0.23.0-28-g6fe0f4dc8b (webtiles) character file.

Game seed: 15309328116422653239

11 Chiseanne the Grasshopper (level 2, -1/19 HPs)
             Began as an Octopode Warper on Feb 26, 2019.
             Slain by a kobold (2 damage)
             ... on level 1 of the Dungeon.
             The game lasted 00:00:48 (238 turns).

Chiseanne the Grasshopper (Octopode Warper)          Turns: 238, Time: 00:00:49

Health: -1/19      AC:  1    Str: 10    XL:     2   Next: 25%
Magic:  5/5        EV: 13    Int: 15    God:
Gold:   8          SH:  0    Dex: 11    Spells: 5/5 levels left

rFire    . . .     SeeInvis .   a - +0 short sword
rCold    . . .     Gourm    .   (no shield)
rNeg     . . .     Faith    .   (helmet restricted)
rPois    .         Spirit   .   (no amulet)
rElec    .         Reflect  .   (no ring)
rCorr    .         Harm     .   (no ring)
MR       .....                  (no ring)
Stlth    +++.......             (no ring)
HPRegen  0.06/turn              (no ring)
MPRegen  0.09/turn              (no ring)
                                (no ring)
                                (no ring)

@: very slightly contaminated, hasted, very quick
A: almost no armour, stealthy swim, amphibious, 8 rings, constrict 8, camouflage
1, gelatinous body 1
a: no special abilities


You were on level 1 of the Dungeon.
You were not hungry.

You visited 1 branch of the dungeon, and saw 1 of its levels.

You collected 8 gold pieces.

Inventory:

Hand Weapons
 a - a +0 short sword (weapon)
Missiles
 d - 5 tomahawks of dispersal (quivered)
Comestibles
 f - 4 rations


   Skills:
 + Level 2.2 Fighting
 - Level 2.0 Short Blades
 - Level 1.0 Throwing
 + Level 2.5 Dodging
 * Level 1.9 Stealth
 - Level 2.0 Spellcasting
   Level 3.0 Translocations


You had 5 spell levels left.
You didn't know any spells.
Your spell library contained the following spells:

 Spells                   Type           Power        Failure   Level  Hunger
 Blink                    Tloc           N/A          10%         2    ###....
 Shroud of Golubria       Chrm/Tloc      #.........   19%         2    ###....
 Gell's Gravitas          Tloc           ##........   19%         3    ###....
 Lesser Beckoning         Tloc           ##........   19%         3    ###....
 Teleport Other           Tloc           ##......     19%         3    ###....
 Passage of Golubria      Tloc           N/A          54%         4    #####..


Dungeon Overview and Level Annotations

Branches:
Dungeon (1/15)

Altars:


Innate Abilities, Weirdness & Mutations

You cannot wear most types of armour.
You are very stealthy in the water. (Stealth+)
You are amphibious.
You can wear up to eight rings at the same time.
You can use your tentacles to constrict eight enemies at once.
Your skin changes colour to match your surroundings (Stealth+).
Your rubbery body absorbs attacks. (AC +1, EV +1)


Message History

* * * LOW HITPOINT WARNING * * *
You hit the dart slug but do no damage.
The dart slug is almost dead.
You constrict the dart slug.
You kill the dart slug!
The bat completely misses you. The bat hits you but does no damage.
The bat barely misses you.
You closely miss the bat. Your grab misses the bat.
The bat hits you but does no damage.
A bat comes into view.
The bat hits you.
* * * LOW HITPOINT WARNING * * *
The bat closely misses you.
The bat moves out of view.
You hit the bat.
You kill the bat!
The kobold throws a stone.
The stone hits you but does no damage.
It was a potion of haste.
You feel yourself speed up. The kobold hits you.
You die...

#.# ### .#
#.#######.###.#
#..........##.#
#.#######.###.###
#...............#####...
#..###..................
#..# #.#####...#.##.#.##
...# #.#####.###K.# .#.#
#.##..).#..@.# ...#
#.##.##...$#...#
.......##. #.##.!..#..#
#.#######. #..#..### ...
#.# #. ##.##.# ## #.# #l
.. .. #.# .. ..... # ..
...... #


You could see a kobold.

Vanquished Creatures
  A dart slug (D:1)
  A goblin (D:1)
  2 hobgoblins (D:1)
  A jackal (D:1)
  3 bats (D:1)
8 creatures vanquished.

Notes
Turn   | Place    | Note
-------+----------+-------------------------------------------
     0 | D:1      | Chiseanne the Octopode Warper began the quest for the Orb.
     0 | D:1      | Reached XP level 1. HP: 14/14 MP: 3/3
   219 | D:1      | Reached skill level 1 in Stealth
   227 | D:1      | Reached XP level 2. HP: 4/19 MP: 5/5
   238 | D:1      | Slain by a kobold

Skill      XL: |  1 |
---------------+----+-----
Stealth        | 1 |  1.9
Fighting       | |  2.2
Short Blades   | |  2.0
Throwing       | |  1.0
Dodging        | |  2.5
Spellcasting   | |  2.0
Translocations | |  3.0

Action                   || total
-------------------------++-------
Melee: Short sword       ||    21
       Constrict         ||     5
       Tentacles         ||     4
  Use: Scroll            ||     1
       Potion            ||     1
Armor: Skin              ||     6
Dodge: Dodged            ||    21
